 Dungeon Crawl Stone Soup version 0.30-a0-743-gbfdf073431 (webtiles) character file.

Game seed: 1509321726920199152

1612 ragingrage the Grappler (level 8, -1/74 HPs)
             Began as a Troll Chaos Knight on Feb 5, 2023.
             Was a Plaything of Xom.
             Slain by a white imp (4 damage)
             ... summoned by a kobold demonologist
             ... on level 6 of the Dungeon.
             The game lasted 00:04:36 (4648 turns).

ragingrage the Grappler (Troll Chaos Knight)        Turns: 4648, Time: 00:04:36

Health: -1/74      AC:  7    Str: 21    XL:     8   Next: 63%
Magic:  7/7        EV: 14    Int: 10    God:    Xom [.....*]
Gold:   473        SH:  0    Dex:  9    Spells: 5/7 levels left

rFire   . . .      SeeInvis .      - Unarmed
rCold   . . .      Faith    .    (no shield)
rNeg    . . .      Spirit   .    a - +2 robe
rPois   .          Reflect  .    (helmet restricted)
rElec   .          Harm     .    n - +0 cloak
rCorr   .          Rampage  .    (gloves unavailable)
Will    +....                    (boots unavailable)
Stlth   +                        (no amulet)
HPRegen 1.12/turn                e - +5 ring of evasion
MPRegen 0.10/turn                p - ring of willpower

@: no status effects
A: large, unfitting armour, claws 3, regeneration 1, shaggy fur 1, tough skin 1
a: Renounce Religion


You were on level 6 of the Dungeon.
You worshipped Xom.
You were Xom's teddy bear.
You visited 2 branches of the dungeon, and saw 7 of its levels.

You collected 473 gold pieces.

Inventory:

Hand Weapons
 b - a +1 sling of freezing
 v - a +2 spear of venom
 E - a +5 whip
Missiles
 c - 88 stones
 r - 3 throwing nets
 z - 3 poisoned darts (quivered)
 A - a curare-tipped dart
Armour
 a - a +2 robe (worn)
 n - a +0 cloak (worn)
Jewellery
 e - a +5 ring of evasion (left claw)
 p - a ring of willpower (right claw)
 y - a ring of wizardry
 G - a ring of positive energy
Wands
 C - a wand of roots (13)
Scrolls
 d - 2 scrolls of identify
 f - 2 scrolls of fog {unknown}
 g - 2 scrolls of vulnerability {unknown}
 k - a scroll of enchant weapon {unknown}
 l - a scroll of poison {unknown}
 o - 3 scrolls of amnesia {unknown}
 s - a scroll of enchant armour {unknown}
 t - a scroll of noise {unknown}
 D - a scroll of teleportation {unknown}
 H - 2 scrolls of fear {unknown}
Potions
 h - 4 potions of curing
 i - a potion of experience {unknown}
 j - a potion of berserk rage {unknown}
 m - 3 potions of heal wounds
 q - 2 potions of haste {unknown}
 u - a potion of mutation {unknown}
 w - a potion of attraction {unknown}
 x - a potion of cancellation {unknown}
 B - a potion of flight {unknown}
 F - a potion of might
Miscellaneous
 I - a piece from Xom's chessboard (15/15)


   Skills:
 - Level 2.4 Fighting
 - Level 1.9 Dodging
 + Level 11.4 Unarmed Combat


You had 5 spell levels left.
You knew the following spells:

 Your Spells              Type           Power      Damage    Failure   Level
a - Blink                 Tloc           0%         N/A       50%         2

Your spell library contained the following spells:

 Spells                   Type           Power      Damage    Failure   Level
 Lesser Beckoning         Tloc           0%         N/A       50%         2
 Momentum Strike          Conj/Tloc      0%         3d8       50%         2
 Ignite Poison            Fire/Tmut/Pois 0%         N/A       75%         3
 Kindle Blastsparks       Fire/Tloc/Air  0%         2d10      75%         3
 Olgreb's Toxic Radiance  Pois           0%         N/A       98%         4
 Freezing Cloud           Conj/Ice/Air   0%         6-21      100%        5
 Ozocubu's Refrigeration  Ice            0%         4d7       100%        7
 Ignition                 Fire           0%         3d3       100%        8


Dungeon Overview and Level Annotations

Branches:
Dungeon (6/15)             Temple (1/1) D:6

Altars:
Fedhas
Makhleb
Qazlal
Sif Muna
Trog
Vehumet
Xom
Yredelemnul
The Shining One


Innate Abilities, Weirdness & Mutations

You are too large for most types of armour.
You have claws for hands.
Your natural rate of healing is unusually fast.
You are covered in fur. (AC +1)
You have tough skin. (AC +1)


Message History

The kobold demonologist hits you with a +0 hand axe.
You claw the kobold demonologist!
The kobold demonologist is lightly wounded.
The white imp gestures at you. The puff of frost hits you!
The crimson imp hits you but does no damage.
The kobold demonologist casts a spell.
You scratch the kobold demonologist.
The kobold demonologist is moderately wounded.
The white imp barely misses you. The crimson imp misses you.
The kobold demonologist mumbles some strange words.
You closely miss the kobold demonologist.
The kobold demonologist is moderately wounded.
The white imp disappears in a puff of smoke!
The crimson imp hits you but does no damage.
You closely miss the kobold demonologist.
The kobold demonologist is moderately wounded.
The sun demon hits you!!
You are engulfed in flames!
The crimson imp grins evilly.
The kobold demonologist hits you with a +0 hand axe.
The white imp shouts, "Turn tail, thou erky common-kissing scut!"
You scratch the kobold demonologist.
The kobold demonologist is moderately wounded.
The sun demon barely misses you. The crimson imp misses you.
The white imp barely misses you.
The kobold demonologist barely misses you.
The crimson imp blinks!
You completely miss the kobold demonologist.
The kobold demonologist is moderately wounded.
The sun demon hits you!
* * * LOW HITPOINT WARNING * * *
You are engulfed in flames!
* * * LOW HITPOINT WARNING * * *
The crimson imp closely misses you.
The white imp lashes its tail.
The white imp hits you.
* * * LOW HITPOINT WARNING * * *
The white imp freezes you.
You die...
Xom roars with laughter!

..# ... ..## #### ###### ...#
#...##....## ...# ...........#
..## ...........####### ...#
#.........##..##..## ...#
#.......3.#........## ...#
......K@...........#
##########...##ยง55..........#####
####....##...##...#........##....
..............#)..#........#.....
..............#......>...........
..............#..................
..............#...#........##.)..
..............#...##..##..###....
..............'.....#).....##..).


You could see a sun demon (summoned), a kobold demonologist, a crimson imp
(summoned) and a white imp (summoned).

Vanquished Creatures
  3 black bears
  2 ogres
  A kobold brigand (D:5)
  2 scorpions (D:5)
  A necrophage (D:3)
  A killer bee (D:4)
  2 howler monkeys (D:6)
  5 hounds
  2 jellies
  4 orc priests
  An orc wizard (D:6)
  Natasha (thrice) (D:2)
  2 iguanas
  4 adders
  11 gnolls
  A shadow imp (D:5)
  3 white imps
  An ufetubus (D:6)
  A worm (D:3)
  3 dart slugs
  17 orcs
  14 ball pythons
  12 endoplasms
  5 giant cockroaches
  10 goblins
  6 hobgoblins
  6 jackals
  3 quokkas
  4 bats
  2 frilled lizards (D:3)
  16 kobolds
  5 rats
153 creatures vanquished.

Notes
Turn   | Place    | Note
-------+----------+-------------------------------------------
     0 | D:1      | ragingrage the Troll Chaos Knight began the quest for the
                  | Orb.
     0 | D:1      | Reached XP level 1. HP: 22/22 MP: 0/0
    17 | D:1      | XOM: divination: detect creatures
   157 | D:1      | Found a faded altar of an unknown god.
   197 | D:1      | XOM: silly message
   227 | D:1      | Reached XP level 2. HP: 29/29 MP: 1/1
   292 | D:1      | Reached skill level 4 in Unarmed Combat
   298 | D:1      | XOM: summons 2 hostile demons
   302 | D:1      | XOM: butterfly on damage
   321 | D:1      | XOM: butterfly on damage
   498 | D:1      | XOM: confusion
   511 | D:1      | Reached XP level 3. HP: 36/36 MP: 2/2
   844 | D:2      | XOM: 1-stop teleportation journey
  1127 | D:2      | Noticed Natasha
  1130 | D:2      | XOM: fog
  1132 | D:2      | Killed Natasha
  1133 | D:2      | Reached XP level 4. HP: 37/44 MP: 3/3
  1247 | D:2      | Noticed Natasha
  1252 | D:2      | Killed Natasha
  1253 | D:2      | Reached skill level 5 in Unarmed Combat
  1460 | D:2      | Noticed Natasha
  1465 | D:2      | Killed Natasha
  1471 | D:2      | Learned a level 2 spell: Blink
  1547 | D:3      | Reached XP level 5. HP: 48/50 MP: 4/4
  1932 | D:3      | XOM: 1-stop teleportation journey
  2072 | D:3      | Noticed a black bear
  2076 | D:3      | Killed a black bear
  2077 | D:3      | Reached skill level 6 in Unarmed Combat
  2098 | D:3      | Reached XP level 6. HP: 48/59 MP: 5/5
  2108 | D:3      | XOM: draining
  2269 | D:3      | Reached skill level 7 in Unarmed Combat
  2836 | D:4      | XOM: polymorph adder -> killer bee
  2865 | D:4      | Reached skill level 8 in Unarmed Combat
  2912 | D:3      | Reached XP level 7. HP: 56/66 MP: 6/6
  3001 | D:4      | XOM: 6-stop teleportation journey
  3318 | D:5      | Entered Level 5 of the Dungeon
  3405 | D:5      | XOM: 1-stop teleportation journey
  3413 | D:5      | Reached skill level 9 in Unarmed Combat
  3538 | D:5      | XOM: 1-stop teleportation journey
  3728 | D:5      | Reached skill level 10 in Unarmed Combat
  3728 | D:5      | Reached XP level 8. HP: 74/74 MP: 7/7
  4130 | D:6      | Found a staircase to the Ecumenical Temple.
  4138 | Temple   | Entered the Ecumenical Temple
  4267 | Temple   | XOM: 1-stop teleportation journey
  4582 | D:6      | Reached skill level 11 in Unarmed Combat
  4586 | D:6      | XOM: cast spell 'Summon Small Mammal'
  4636 | D:6      | Noticed a kobold demonologist
  4644 | D:6      | Noticed a sun demon
  4648 | D:6      | HP: 3/74 [white imp[a kobold demonologist] (3)]
  4648 | D:6      | Slain by a white imp

Illustrated notes

Levels and vault maps discovered:
D:1:      minmay_arrival_shattered_statue, layout_loops_ring,
          dreamdust_ecumenical_altar_angels_and_demons
D:2:      layout_loops_corners, serial_glass, glass_columns_a, glass_columns_b,
          uniq_natasha
D:3:      minmay_thinvault, layout_basic
D:4:      layout_cave_pools
D:5:      layout_basic
D:6:      layout_gridville, worldfamousw_hep_ancestral_shrine, temple_statues,
          st_stairs_5
Temple:   jpeg_temple_island

Skill      XL: |  1  2  3  4  5  6  7  8 |
---------------+-------------------------+-----
Unarmed Combat | 4 5 6 8 10 11 | 11.4
Fighting       | |  2.4
Dodging        | |  1.9

Action                     |  1- 3 |  4- 6 |  7- 9 || total
---------------------------+-------+-------+-------++-------
  Melee: Unarmed           |    82 |   134 |   153 ||   369
         Punch             |     1 |     3 |     8 ||    12
   Fire: Sling             |       |       |     1 ||     1
  Throw: Stone             |       |     6 |       ||     6
         Dart              |       |       |     3 ||     3
   Cast: Blink             |       |       |     1 ||     1
    Use: Scroll            |       |     3 |       ||     3
   Stab: Sleeping          |       |     1 |       ||     1
 Armour: Robe              |    30 |    40 |    40 ||   110
  Dodge: Dodged            |    65 |   100 |   119 ||   284

Table legend: (Time is in decaauts)
 A = Elapsed time spent in this place.
 B = Non-inter-level travel time spent in this place.
 C = Inter-level travel time spent in this place.
 D = Time resting spent in this place.
 E = Time spent auto-exploring this place.
 F = Levels seen in this place.
 G = Mean time per level.
                   A        B        C        D        E       F      G
               +--------+--------+--------+--------+--------+-----+--------+
         Total |   4596 |   4409 |    187 |    120 |   3262 |   7 |  656.6 |
       Dungeon |   4455 |   4279 |    176 |    120 |   3138 |   6 |  742.5 |
        Temple |    140 |    129 |     11 |      0 |    124 |   1 |  140.0 |
               +--------+--------+--------+--------+--------+-----+--------+

Top non-repeatable levels by time:
     D:3: 1321 daAuts
     D:2: 785 daAuts
     D:1: 709 daAuts
     D:5: 708 daAuts
     D:4: 475 daAuts
     D:6: 455 daAuts
  Temple: 140 daAuts
